 Dungeon Crawl Stone Soup version 0.30-a0-1008-g30c9307041 (webtiles) character file.

Game seed: 13405388783019808828

3357 Newt the Skirmisher (level 10, -19/53 HPs)
             Began as a Kobold Hunter on Apr 5, 2023.
             Was a Believer of Hepliaklqana.
             Demolished by a polar bear (21 damage)
             ... on level 8 of the Dungeon.
             The game lasted 00:07:33 (6674 turns).

Newt the Skirmisher (Kobold Hunter)                 Turns: 6674, Time: 00:07:34

Health: -19/53     AC:  3    Str: 10    XL:     10   Next: 23%
Magic:  19/19      EV: 19    Int: 24    God:    Hepliaklqana [**....]
Gold:   383        SH:  0    Dex: 22    Spells: 15/21 levels left

rFire   . . .      SeeInvis .    a - +1 shortbow (freeze)
rCold   . . .      Faith    .    (shield currently unavailable)
rNeg    . . .      Spirit   .    y - +0 robe of Freedom {Int+2 Stlth+}
rPois   .          Reflect  .    (no helmet)
rElec   .          Rampage  .    K - +0 cloak {Stlth+}
rCorr   .                        (no gloves)
Will    .....                    (no boots)
Stlth   +++++                    k - amulet of regeneration
HPRegen 1.08/turn                r - +6 ring of intelligence
MPRegen 0.16/turn                g - +6 ring of intelligence

@: no status effects
A: reduced essence, small, no large weapons, nightstalker 3
a: Renounce Religion, Recall Ancestor, Ancestor Identity


You were on level 8 of the Dungeon.
You worshipped Hepliaklqana.
Hepliaklqana was pleased with you.
You visited 1 branch of the dungeon, and saw 8 of its levels.

You collected 516 gold pieces.
You spent 133 gold pieces at shops.

Inventory:

Hand Weapons
 a - a +1 shortbow of freezing (weapon)
Armour
 c - a +0 leather armour
 p - the +0 leather armour "Waogan" {rF+ Str+3 Int+2}
   (You bought it in a shop on level 2 of the Dungeon)

   Str:       It affects your strength (+3).
   Int:       It affects your intelligence (+2).
   rF:        It protects you from fire.
 y - the +0 robe of Freedom (worn) {Int+2 Stlth+}
   (You found it on level 5 of the Dungeon)

   Int:       It affects your intelligence (+2).
   Stlth:     It makes you more stealthy.
 I - +0 steam dragon scales
 K - a +0 cloak of stealth (worn)
Jewellery
 e - a ring of protection from fire
 g - a +6 ring of intelligence (right hand)
 k - an amulet of regeneration (around neck)
 m - an amulet of the acrobat
 n - a +4 ring of protection
 r - a +6 ring of intelligence (left hand)
 s - a +4 ring of protection
 E - an amulet of faith
Wands
 x - a wand of flame (14)
 D - a wand of iceblast (21)
Scrolls
 b - a scroll of immolation
 o - 3 scrolls of teleportation
 u - a scroll of amnesia
 C - a scroll of noise
Potions
 d - 3 potions of haste
 f - 2 potions of brilliance
 h - a potion of ambrosia
 i - a potion of heal wounds
 j - 4 potions of degeneration
 l - 3 potions of mutation
 q - a potion of might
 t - a potion of lignification
 v - a potion of berserk rage
 w - 3 potions of curing {unknown}
 z - a potion of flight {unknown}
 A - a potion of invisibility
 B - 4 potions of resistance {unknown}
 H - a potion of magic {unknown}
 J - a potion of cancellation {unknown}


   Skills:
 - Level 5.0 Fighting
 - Level 10.0 Ranged Weapons
 - Level 6.0 Dodging
 - Level 1.3 Stealth
 + Level 6.0 Spellcasting
 + Level 5.9 Hexes
 + Level 5.9 Translocations


You had 15 spell levels left.
You knew the following spells:

 Your Spells              Type           Power      Damage    Failure   Level
a - Portal Projectile     Hex/Tloc       70%        N/A       1%          3
b - Tukima's Dance        Hex            35%        N/A       1%          3

Your spell library contained the following spells:

 Spells                   Type           Power      Damage    Failure   Level
 Foxfire                  Conj/Fire      28%        2x1d5     8%          1
 Magic Dart               Conj           28%        1d4       8%          1
 Necrotise                Necr           28%        1d5       8%          1
 Call Imp                 Summ           7%         N/A       12%         2
 Mephitic Cloud           Conj/Pois/Air  7%         N/A       24%         3
 Vampiric Draining        Necr           7%         2d6       24%         3
 Metabolic Englaciation   Hex/Ice        10%        N/A       54%         5
 Petrify                  Tmut/Erth      7%         N/A       61%         4
 Agony                    Necr           7%         N/A       91%         5
 Blade Hands              Tmut           3%         N/A       91%         5
 Fireball                 Conj/Fire      3%         3d4       91%         5
 Plasma Beam              Fire/Air       3%         2x1d15    100%        6
 Starburst                Conj/Fire      3%         6d3       100%        6
 Statue Form              Tmut/Erth      4%         N/A       100%        6


Dungeon Overview and Level Annotations

Branches:
Dungeon (8/15)             Temple (0/1) D:6
   Lair: D:8-11

Altars:
Ashenzari
Dithmenos
Hepliaklqana
Nemelex Xobeh
Okawaru
Uskayaw
The Shining One

Shops:
D:2 [   D:3 *   D:5 [


Innate Abilities, Weirdness & Mutations

Your life essence is reduced to manifest your ancestor. (-10% HP)
You are small and have problems with some larger weapons.
You are completely attuned to the shadows.


Message History

The arrow hits the polar bear but does no damage.
The polar bear is almost dead.
Londisizwe barely misses the polar bear.
The polar bear misses you. The polar bear completely misses you.
The polar bear claws you but does no damage.
You shoot an arrow.
The arrow hits the polar bear but does no damage.
The polar bear is almost dead.
Londisizwe hits the polar bear with a +0 flail.
The polar bear goes berserk!
You shoot an arrow.
The arrow closely misses the polar bear.
The polar bear barely misses Londisizwe.
The polar bear closely misses Londisizwe.
The polar bear claws Londisizwe!
You shoot an arrow.
The arrow hits the polar bear but does no damage.
The polar bear is almost dead.
The polar bear bites you.
The polar bear claws you but does no damage.
The polar bear barely misses you.
Londisizwe barely misses the polar bear.
The polar bear bites you!!
* * * LOW HITPOINT WARNING * * *
The polar bear claws you but does no damage.
The polar bear completely misses you.
You are too injured to fight recklessly!
Unknown command.
Londisizwe barely misses the polar bear.
Unknown command.
Fire: a) +1 shortbow (freeze)
Press: ? - help, Shift-Dir - straight line, f/p - polar bear
Aim: a polar bear (almost dead, berserk, ally target, 76% to hit)
You shoot an arrow.
The arrow hits the polar bear but does no damage.
The polar bear is almost dead.
The polar bear completely misses you. The polar bear claws you.
* * * LOW HITPOINT WARNING * * *
The polar bear misses you. The polar bear bites you!!
You die...

##.# ## #.## ### ##.
#.####### #.########.#
##......### ##..#...##..#
#######..######..........##
###......##......§§.#.###
#.............†..§....#
................§§§..##
.........@.......#####
.......Rh#########
.........# #........#
####...... #...##. #....#
##..... ##......


You could see the friendly Londisizwe the knight and a polar bear (berserk, ally
target).

Vanquished Creatures
  A gargoyle (D:7)
  A steam dragon (D:7)
  A water moccasin (D:6)
  3 ice beasts
  3 orc warriors
  A sky beast (D:6)
  An ogre (D:7)
  A centaur (D:7)
  A kobold brigand (D:6)
  5 bullfrogs (D:7)
  A gnoll sergeant (D:7)
  An electric eel (D:8)
  3 howler monkeys
  6 hounds
  Crazy Yiuf (D:7)
  2 jellies
  9 orc priests
  2 sleepcaps
  Terence (D:2)
  An iguana (D:5)
  6 orc wizards
  5 gnolls
  3 adders
  2 shadow imps (D:6)
  A white imp (D:8)
  2 worms (D:3)
  2 dart slugs
  22 orcs
  3 ball pythons
  A bat (D:3)
  2 endoplasms
  5 giant cockroaches
  3 goblins
  7 hobgoblins
  3 jackals
  6 quokkas
  3 frilled lizards
  10 kobolds
  5 rats
136 creatures vanquished.

Vanquished Creatures (collateral kills)
  A polar bear (D:8)
  A scorpion (D:5)
  2 howler monkeys
  A hound (D:5)
  An orc priest (D:7)
  2 gnolls (D:7)
  A white imp (D:8)
  3 orcs
  A kobold (D:6)
13 creatures vanquished.

Vanquished Creatures (others)
  2 ancestors (D:6)
  9 plants
11 creatures vanquished.

Grand Total: 160 creatures vanquished

Notes
Turn   | Place    | Note
-------+----------+-------------------------------------------
     0 | D:1      | Newt the Kobold Hunter began the quest for the Orb.
     0 | D:1      | Reached XP level 1. HP: 12/12 MP: 1/1
   253 | D:1      | Found a faded altar of an unknown god.
   272 | D:1      | Reached XP level 2. HP: 18/18 MP: 2/2
   791 | D:2      | Found Zueheol's Antique Armour Shoppe.
   860 | D:2      | Reached XP level 3. HP: 24/24 MP: 3/3
   940 | D:2      | Noticed Terence
   949 | D:2      | Killed Terence
   950 | D:2      | Reached XP level 4. HP: 30/30 MP: 4/4
  1432 | D:2      | Bought an opal-encrusted leather armour for 105 gold pieces
  1432 | D:2      | Identified the +0 leather armour "Waogan" {rF+ Str+3 Int+2}
                  | (You bought it in a shop on level 2 of the Dungeon)
  1666 | D:3      | Reached skill level 5 in Fighting
  1666 | D:3      | Reached XP level 5. HP: 35/35 MP: 5/5
  1781 | D:3      | Found Ytovut's General Store.
  1786 | D:3      | Bought a scroll of identify for 28 gold pieces
  2152 | D:3      | Reached skill level 6 in Ranged Weapons
  2675 | D:4      | Found an iron altar of Okawaru.
  2681 | D:4      | Identified the +7 mace "Biodoist" {elec, rElec rC+ Str+3}
  2683 | D:4      | Identified the +0 hand axe of Fedhas's Anger {freeze,
                  | Will+}
  2735 | D:4      | Found a hazy altar of Hepliaklqana.
  2752 | D:4      | Became a worshipper of Hepliaklqana the Forgotten
  2855 | D:4      | Noticed an ice beast
  2867 | D:4      | Killed an ice beast
  2868 | D:4      | Reached skill level 7 in Ranged Weapons
  2868 | D:4      | Reached XP level 6. HP: 40/40 MP: 6/6
  2949 | D:4      | Reached skill level 8 in Ranged Weapons
  3379 | D:4      | Reached XP level 7. HP: 44/44 MP: 7/7
  3528 | D:4      | Reached * piety under Hepliaklqana
  3548 | D:5      | Entered Level 5 of the Dungeon
  3705 | D:5      | Reached skill level 9 in Ranged Weapons
  3717 | D:5      | Identified the +0 robe of Freedom {Int+2 Stlth+}
  3905 | D:5      | Reached skill level 10 in Ranged Weapons
  4045 | D:5      | Found Deuzud's Armour Shop.
  4212 | D:6      | Reached XP level 8. HP: 44/44 MP: 8/8
  4224 | D:6      | Reached skill level 5 in Dodging
  4388 | D:6      | Reached skill level 1 in Spellcasting
  4388 | D:6      | Reached skill level 1 in Hexes
  4388 | D:6      | Reached skill level 1 in Translocations
  4497 | D:6      | Found a hide-covered altar of Uskayaw.
  4613 | D:6      | Found a staircase to the Ecumenical Temple.
  4616 | D:6      | Reached XP level 9. HP: 48/48 MP: 11/13
  4629 | D:6      | Learned a level 3 spell: Portal Projectile
  5015 | D:7      | Reached ** piety under Hepliaklqana
  5016 | D:7      | Remembered your ancestor Londisizwe as a knight
  5033 | D:7      | Found a broken altar of Ashenzari.
  5175 | D:7      | Found a runed translucent door.
  5178 | D:7      | Noticed Crazy Yiuf
  5196 | D:7      | Noticed a gargoyle
  5205 | D:7      | Killed a gargoyle
  5542 | D:7      | Found a shadowy altar of Dithmenos.
  5542 | D:7      | Found a sparkling altar of Nemelex Xobeh.
  5542 | D:7      | Found a glowing golden altar of the Shining One.
  5762 | D:7      | Reached skill level 5 in Spellcasting
  5762 | D:7      | Reached skill level 5 in Hexes
  5762 | D:7      | Reached skill level 5 in Translocations
  5769 | D:7      | Learned a level 3 spell: Tukima's Dance
  5786 | D:7      | Reached XP level 10. HP: 53/53 MP: 3/17
  6385 | D:7      | Killed Crazy Yiuf
  6674 | D:8      | HP: 2/53 [polar bear (5)]
  6674 | D:8      | Demolished by a polar bear

Illustrated notes

Levels and vault maps discovered:
D:1:      amcnicky_arrival_abandoned_market, layout_basic,
          ebering_ecumenical_altar_mist
D:2:      layout_loops_ring, serial_shops, nicolae_shop_hallway_stairs,
          minmay_pentomino_r2, uniq_terence
D:3:      layout_basic, serial_shops, nicolae_shop_hallway_plus,
          dk_noncrumbling_4, chequers_big_river, minmay_misc_feat_square,
          eino_tiny_chamber
D:4:      layout_gridville, okawaru_ov_weapons_minmay,
          nicolae_hepliaklqana_hazy_memory
D:5:      layout_cave_pools, serial_shops, kennysheep_mini
D:6:      layout_basic, nicolae_overflow_crystal_walls,
          minmay_temple_entry_glass
D:7:      layout_basic, mainiacjoe_overflow_boulevard,
          gammafunk_temple_overflow_forgotten, uniq_crazy_yiuf_cottage
D:8:      layout_layer_cave, serial_ice, serial_ice_b, serial_ice_k,
          serial_ice_e, serial_ice_n, hangedman_abyss_or_decor_clamps,
          minmay_misc_feat_chi, uniq_psyche

Skill      XL: |  1  2  3  4  5  6  7  8  9 10 |
---------------+-------------------------------+-----
Fighting       | 3 4 5 |  5.0
Ranged Weapons | 7 8 10 | 10.0
Dodging        | 4 6 |  6.0
Spellcasting   | 2 5 6 |  6.0
Hexes          | 2 5 |  5.9
Translocations | 2 5 |  5.9
Stealth        | |  1.3

Action                     |  1- 3 |  4- 6 |  7- 9 | 10-12 || total
---------------------------+-------+-------+-------+-------++-------
   Fire: Shortbow          |    52 |   137 |   231 |    53 ||   473
   Cast: Portal Projectile |       |       |     7 |     4 ||    11
 Invoke: Ancestor Life: Kn |       |       |     1 |       ||     1
    Use: Scroll            |     4 |     6 |     6 |     4 ||    20
         Potion            |       |       |     2 |       ||     2
 Armour: Leather armour    |     9 |    19 |    15 |       ||    43
         Robe              |       |       |     5 |     3 ||     8
  Dodge: Dodged            |    23 |    73 |    77 |    13 ||   186

Table legend: (Time is in decaauts)
 A = Elapsed time spent in this place.
 B = Non-inter-level travel time spent in this place.
 C = Inter-level travel time spent in this place.
 D = Time resting spent in this place.
 E = Time spent auto-exploring this place.
 F = Levels seen in this place.
 G = Mean time per level.
                   A        B        C        D        E       F      G
               +--------+--------+--------+--------+--------+-----+--------+
         Total |   6728 |   6527 |    201 |     91 |   5560 |   8 |  841.0 |
       Dungeon |   6728 |   6527 |    201 |     91 |   5560 |   8 |  841.0 |
               +--------+--------+--------+--------+--------+-----+--------+

Top non-repeatable levels by time:
     D:7: 1465 daAuts
     D:3: 1228 daAuts
     D:4: 901 daAuts
     D:6: 856 daAuts
     D:2: 763 daAuts
     D:1: 701 daAuts
     D:5: 579 daAuts
     D:8: 232 daAuts
